[Event "Team 45 45 League T65"]
[Site "Internet Chess Club"]
[Date "2015.07.03"]
[Round "5"]
[White "XGG123"]
[Black "portis2"]
[Result "0-1"]
[WhiteElo "1271"]
[BlackElo "1596"]
[Opening "Sicilian: Najdorf, 6.Bg5"]
[ECO "B94"]
[Time "17:00:34"]
[TimeControl "2700+45"]

1. e4 c5 2. Nf3 d6 3. d4 cxd4 4. Nxd4 Nf6 5. Nc3 a6 6. Bg5 e5 7. Nb3 Be7 8. Qd2
Be6 9. O-O-O Nbd7 10. f4 b5 11. Bd3 Bc4 12. Qe2 Qc7 13. Bxc4 bxc4 14. Nd2 Nb6
15. a4 Rc8 16. fxe5 dxe5 17. Bxf6 Bxf6 18. a5 Na4 19. Nxa4 Qxa5 20. Nc3 Qa1+ 21.
Ncb1 c3 22. Nc4 Bg5+ 23. Ne3 Qxb2# {White checkmated} 0-1

[Event "Team 45 45 League T65"]
[Site "Internet Chess Club"]
[Date "2015.07.03"]
[Round "5"]
[White "Berke"]
[Black "julesraider"]
[Result "0-1"]
[WhiteElo "1500"]
[BlackElo "1588"]
[Opening "Caro-Kann: exchange, Rubinstein variation"]
[ECO "B13"]
[Time "14:00:34"]
[TimeControl "2700+45"]

1. e4 c6 2. d4 d5 3. exd5 cxd5 4. Bd3 Nc6 5. c3 Nf6 6. Bf4 Bg4 7. Nf3 e6 8. Nbd2
Be7 9. Qb3 Qc8 10. O-O O-O 11. Ne5 Bh5 12. Qc2 Bg6 13. Nxg6 hxg6 14. Rfe1 Nh5
15. Be3 a6 16. Nf3 Bd6 17. Qe2 b5 18. Rac1 Qc7 19. g3 Qa5 20. b4 Qb6 21. Ng5 a5
22. a3 axb4 23. axb4 Ra7 24. Bxb5 Rfa8 25. Bxc6 Qxc6 26. b5 Qb6 27. c4 dxc4 28.
Rxc4 Qb7 29. Rc6 Ra2 30. Qc4 Ra1 31. Rxa1 Rxa1+ 32. Kg2 Nf6 33. f3 Nd5 34. Rxd6
{White resigns} 0-1

[Event "Team 45 45 League T65"]
[Site "Internet Chess Club"]
[Date "2015.07.04"]
[Round "5"]
[White "TwinsburgOHUSA"]
[Black "fuzzface"]
[Result "1-0"]
[WhiteElo "1495"]
[BlackElo "1346"]
[Opening "Scotch gambit"]
[ECO "C44"]
[Time "06:30:27"]
[TimeControl "2700+45"]

1. e4 e5 2. Nf3 Nc6 3. d4 exd4 4. Bc4 Bb4+ 5. c3 dxc3 6. bxc3 Bc5 7. Bxf7+ Kxf7
8. Qd5+ Ke8 9. Qxc5 h6 10. O-O d6 11. Qb5 Qf6 12. Re1 Kf7 13. Qb3+ Qe6 14. Qb2
Ne5 15. Nbd2 Nf6 16. Nd4 Nd3 17. Qb1 Qe7 18. Qxd3 Re8 19. f3 Nh5 20. Ba3 Nf4 21.
Qc4+ Be6 22. Nxe6 Qxe6 23. Qxc7+ Re7 24. Qxd6 Qxd6 25. Bxd6 Rd7 26. Bxf4 {Black
resigns} 1-0

[Event "Team 45 45 League T65"]
[Site "Internet Chess Club"]
[Date "2015.07.07"]
[Round "5"]
[White "bradleyguo175"]
[Black "santiagoelawad"]
[Result "0-1"]
[WhiteElo "1736"]
[BlackElo "2101"]
[Opening "QGD Slav: 4.Nc3"]
[ECO "D15"]
[Time "20:04:54"]
[TimeControl "2700+45"]

1. d4 d5 2. c4 c6 3. Nf3 Nf6 4. Nc3 a6 5. Bg5 Ne4 6. cxd5 Nxg5 7. Nxg5 e6 8. Nf3
exd5 9. e3 Bd6 10. Bd3 O-O 11. O-O Nd7 12. Rc1 Nf6 13. h3 Re8 14. a3 a5 15. Re1
Ne4 16. Qc2 f5 17. Nd2 Qh4 18. Ndxe4 fxe4 19. Be2 Rf8 20. Rf1 Bxh3 21. f4 exf3
22. Bxf3 Bf5 23. Bxd5+ cxd5 24. Rxf5 Qh2+ 25. Kf1 Rxf5+ 26. Qxf5 Rf8 27. Qxf8+
{White resigns} 0-1

[Event "Team 45 45 League T65"]
[Site "Internet Chess Club"]
[Date "2015.07.03"]
[Round "5"]
[White "SilentKnight"]
[Black "Bryant-L"]
[Result "0-1"]
[WhiteElo "1641"]
[BlackElo "1741"]
[Opening "Modern defense: Averbakh system, Kotov variation"]
[ECO "A40"]
[Time "09:56:05"]
[TimeControl "2700+45"]

1. d4 g6 2. c4 Bg7 3. e4 d6 4. Nc3 Nc6 5. Be3 e5 6. Nge2 Nf6 7. d5 Ne7 8. f3 O-O
9. Qd2 Ne8 10. g4 f5 11. gxf5 gxf5 12. O-O-O f4 13. Bf2 Ng6 14. h4 h5 15. Kb1
Bf6 16. Bh3 Nxh4 17. Bxc8 Rxc8 18. Bxh4 Bxh4 19. Rdg1+ Ng7 20. Rg6 Kh7 21. Rhg1
Rg8 22. Nxf4 Qe8 23. Nxh5 Qxg6 24. Rxg6 Kxg6 25. Nxg7 Rxg7 26. Qg2+ Bg5 27. Qg4
Rf8 28. Nb5 a6 29. Nc3 b6 30. Ne2 Rgf7 31. Ng1 Rf4 32. Qe6+ Kh5 33. Qh3+ Rh4 34.
Qg3 Rg8 35. Qg2 Rg6 36. Ne2 Bf4 37. Nxf4+ exf4 38. Qf2 Rg3 39. Qd4 Kg6 40. e5
Rh1+ 41. Kc2 Rh2+ 42. Kb3 Rxf3+ 43. Ka4 Re2 44. exd6 cxd6 45. Qxb6 Rd3 46. Qxd6+
Kg5 47. Qxa6 f3 48. c5 Re4+ 49. b4 Rxd5 50. c6 Rd2 51. Qb5+ Kf4 52. c7 Rc2 53.
Qb8 Re5 54. c8=Q Rxc8 55. Qxc8 f2 56. Qc1+ Kf3 57. Qf1 Re1 58. Qh3+ Ke2 59. Qg2
Ke3 60. Qg3+ Ke2 61. Qg4+ Ke3 62. Qg3+ Ke2 63. Qh2 Kf3 64. Qh5+ Ke3 65. Qh3+ Ke2
66. Qh2 Kf3 67. Qxf2+ Kxf2 68. Kb5 Ke3 69. a4 Kd4 70. a5 Re5+ 71. Kb6 Re6+ 72.
Kb7 Kc4 73. a6 Kb5 74. a7 Re7+ 75. Kb8 Kb6 76. a8=Q Re8# {White checkmated} 0-1

[Event "Team 45 45 League T65"]
[Site "Internet Chess Club"]
[Date "2015.07.01"]
[Round "5"]
[White "idjit"]
[Black "okieman888"]
[Result "0-1"]
[WhiteElo "1594"]
[BlackElo "1585"]
[Opening "French: advance, Paulsen attack"]
[ECO "C02"]
[Time "20:30:17"]
[TimeControl "2700+45"]

1. e4 e6 2. e5 d5 3. d4 c5 4. c3 Nc6 5. Nf3 Qb6 6. Na3 cxd4 7. cxd4 Nge7 8. Nc2
Nf5 9. b3 Bd7 10. Bb2 Nb4 11. Be2 Rc8 12. Nxb4 Bxb4+ 13. Kf1 O-O 14. a4 Bc3 15.
a5 Bxa5 16. Ba3 Bb4 17. Bd3 Bb5 18. Bxb4 Bxd3+ 19. Qxd3 Qxb4 20. Ke2 Rc3 21. Qd2
Qb5+ 22. Ke1 Rfc8 23. Rxa7 {White resigns} 0-1

[Event "Team 45 45 League T65"]
[Site "Internet Chess Club"]
[Date "2015.07.05"]
[Round "5"]
[White "jjaillet2007"]
[Black "pokerram"]
[Result "0-1"]
[WhiteElo "1350"]
[BlackElo "1745"]
[Opening "King's Indian: 5.Nf3"]
[ECO "E90"]
[Time "20:00:17"]
[TimeControl "2700+45"]

1. d4 Nf6 2. c4 g6 3. Nc3 Bg7 4. e4 d6 5. Nf3 O-O 6. Bd3 Bg4 7. h3 Bxf3 8. Qxf3
e5 9. d5 Nfd7 10. O-O Nc5 11. Bc2 a5 12. Be3 Nba6 13. a3 Qd7 14. Rab1 a4 15. b3
axb3 16. Bxb3 Nxb3 17. Rxb3 b6 18. Qg4 f5 19. exf5 gxf5 20. Qg5 Rf6 21. f4 e4
22. h4 Rg6 23. Qh5 Rg4 24. Nb5 Rf8 25. Bd4 Bf6 26. Bxf6 Rxf6 27. Kh2 Nc5 28. Rg3
Rxg3 29. Kxg3 Rg6+ 30. Kh2 Qf7 31. Qe2 Qf6 32. g3 Qg7 33. Rg1 Rg4 34. Qe3 Nd3
35. Nd4 Qf7 36. Kh3 Nb2 37. Qc3 Nd3 38. Kg2 Nxf4+ 39. Kf1 Nd3 40. Ne6 Nc5 41.
Ng5 Qg6 42. Qe3 Qg7 43. Ne6 Nxe6 44. dxe6 Qf6 45. e7 Qxe7 46. Qd4 e3 47. Qd5+
Kg7 48. Qxf5 e2+ 49. Ke1 Rxc4 50. Qb1 d5 51. Qb2+ d4 52. Rg2 Qe3 {White resigns}
0-1

[Event "Team 45 45 League T65"]
[Site "Internet Chess Club"]
[Date "2015.07.04"]
[Round "5"]
[White "jorobo"]
[Black "Percival"]
[Result "1-0"]
[WhiteElo "2056"]
[BlackElo "2073"]
[Opening "Dutch defense, Rubinstein variation"]
[ECO "A96"]
[Time "08:02:19"]
[TimeControl "2700+45"]

1. c4 e6 2. Nc3 f5 3. d4 Nf6 4. Nf3 Be7 5. g3 d6 6. Bg2 O-O 7. O-O Ne4 8. Nxe4
fxe4 9. Ne1 d5 10. f3 dxc4 11. fxe4 Rxf1+ 12. Kxf1 e5 13. Be3 exd4 14. Qxd4 Qf8+
15. Nf3 Be6 16. Qe5 Qf7 17. Qxc7 Bf8 18. Qxf7+ Bxf7 19. Ng5 Be8 20. e5 Bc6 21.
Bh3 Nd7 22. Be6+ Kh8 23. Nf7+ Kg8 24. Nh6+ Kh8 25. Nf7+ Kg8 26. Bxc4 Be7 27.
Nd8+ Kf8 28. Ne6+ {Black resigns} 1-0

[Event "Team 45 45 League T65"]
[Site "Internet Chess Club"]
[Date "2015.07.06"]
[Round "5"]
[White "dmarcolino"]
[Black "kidviper"]
[Result "1/2-1/2"]
[WhiteElo "1953"]
[BlackElo "1955"]
[Opening "Sicilian: accelerated fianchetto, Breyer variation"]
[ECO "B39"]
[Time "10:03:28"]
[TimeControl "2700+45"]

1. e4 c5 2. Nf3 g6 3. d4 cxd4 4. Nxd4 Nc6 5. Be3 Bg7 6. c4 Nf6 7. Nc3 Ng4 8.
Qxg4 Nxd4 9. Qd1 Ne6 10. Be2 d6 11. O-O Bxc3 12. bxc3 Bd7 13. Bg4 Qc8 14. Bxe6
Bxe6 15. Qd4 f6 16. c5 dxc5 17. Qxc5 Qxc5 18. Bxc5 Kf7 19. f4 Rhd8 20. Bd4 b5
21. a3 a5 22. Kf2 Bc4 23. Rfd1 Bb3 24. Re1 Ra6 25. Rab1 a4 26. g4 Rad6 27. e5
Rxd4 28. cxd4 Rxd4 29. Ke3 fxe5 30. fxe5 Rxg4 31. Rf1+ Ke6 32. Kf3 Rg5 33. Rfe1
Rxe5 34. Rxe5+ Kxe5 35. Re1+ Kd4 36. Rxe7 Kc3 37. Re5 b4 38. Re3+ Kb2 39. axb4
a3 40. Re7 a2 41. Ra7 a1=Q 42. Rxa1 Kxa1 43. Kf4 Bc4 44. Kg5 Bd3 45. Kh6 Kb2 46.
Kxh7 Kc3 47. b5 Kd4 48. b6 Be4 49. b7 Bxb7 50. Kxg6 {Game drawn by mutual
agreement} 1/2-1/2

[Event "Team 45 45 League T65"]
[Site "Internet Chess Club"]
[Date "2015.07.02"]
[Round "5"]
[White "Babaliyev"]
[Black "musk6868"]
[Result "0-1"]
[WhiteElo "1984"]
[BlackElo "2023"]
[Opening "Dutch with c4 & Nc3"]
[ECO "A85"]
[Time "21:30:33"]
[TimeControl "2700+45"]

1. d4 f5 2. c4 Nf6 3. Nc3 d6 4. f3 Nc6 5. Nh3 g6 6. Nf2 Bg7 7. e3 O-O 8. Be2 e5
9. O-O exd4 10. exd4 Nh5 11. d5 Nd4 12. f4 Nxe2+ 13. Qxe2 Re8 14. Qd3 Bd7 15.
Bd2 Bh6 16. Nh3 Nf6 17. Rae1 Rxe1 18. Rxe1 Qf8 19. Ng5 Re8 20. Ne6 Qf7 21. Nxc7
Rxe1+ 22. Bxe1 Bxf4 23. Bf2 Ng4 24. h3 Nxf2 25. Kxf2 a6 26. Ne2 Be5 27. Nd4 Bc8
28. Nce6 Bxe6 29. Nxe6 Bxb2 30. Qb3 Be5 31. Qb6 h6 32. Qd8+ Kh7 33. a4 g5 34.
Nf8+ Kg7 35. Ne6+ Kh7 36. g3 Kg6 37. Kg2 Kh7 38. Nf8+ Kg7 39. Ne6+ Kg6 40. Nf8+
Kg7 41. Ne6+ Kh7 42. Qc7 Qxc7 43. Nxc7 Kg6 44. Ne6 b6 45. Kf3 h5 46. Nf8+ Kf7
47. Ne6 g4+ 48. Kg2 Ke7 49. Nc7 Bd4 50. Nxa6 Kf6 51. Nb8 Ke5 52. Nc6+ Ke4 53. a5
bxa5 54. Nxa5 Kd3 55. Nb7 Be5 56. c5 dxc5 57. Nxc5+ Kd4 58. Ne6+ Kxd5 59. Nf8
Ke4 60. Ng6 Bd6 61. hxg4 fxg4 62. Kf2 Kf5 63. Nh4+ Ke4 64. Ng2 Bc5+ 65. Ke2 Bd6
66. Kf2 Be5 67. Nh4 Bf6 68. Ng2 Bg5 69. Ke2 Kd4 70. Ne1 Ke4 71. Ng2 Bd8 72. Ne1
Bc7 73. Kf2 Bb6+ 74. Ke2 Ba5 75. Ng2 Bc7 76. Kf2 Be5 77. Nh4 Kd3 78. Ng6 Bd6 79.
Nh4 Bc5+ 80. Kg2 Ke4 81. Ng6 Bd6 82. Nh4 Be7 83. Ng6 Bg5 84. Kf2 Kf5 85. Nf8 Be7
86. Nd7 Ke6 87. Nb8 Kd6 88. Ke3 Kc7 89. Na6+ Kb6 90. Nb8 Kc7 91. Na6+ Kb7 92.
Kf4 Kxa6 93. Kf5 Kb6 94. Kg6 h4 95. gxh4 Bxh4 96. Kh5 g3 97. Kxh4 g2 98. Kh3
g1=Q {White resigns} 0-1

[Event "Team 45 45 League T65"]
[Site "Internet Chess Club"]
[Date "2015.07.01"]
[Round "5"]
[White "Woss"]
[Black "HematiteBrown"]
[Result "1-0"]
[WhiteElo "2240"]
[BlackElo "2064"]
[Opening "Sicilian: Canal-Sokolsky attack, Sokolsky variation"]
[ECO "B52"]
[Time "10:00:44"]
[TimeControl "2700+45"]

1. e4 c5 2. Nf3 d6 3. Bb5+ Bd7 4. Bxd7+ Qxd7 5. c4 Nc6 6. O-O g6 7. d4 cxd4 8.
Nxd4 Bg7 9. Be3 Nf6 10. Nc3 O-O 11. f3 Rfd8 12. Qd2 Nxd4 13. Bxd4 Qc6 14. b3 e6
15. Rac1 Rd7 16. Qb2 Ne8 17. Qf2 Bxd4 18. Qxd4 Qc5 19. Rfd1 Rad8 20. Rd2 Qxd4+
21. Rxd4 Kf8 22. Rcd1 Ke7 23. g4 g5 24. h4 h6 25. Kf2 Nc7 26. Ke3 Rh8 27. e5 d5
28. hxg5 hxg5 29. cxd5 Nxd5+ 30. Nxd5+ Rxd5 31. Rxd5 exd5 32. Rxd5 b6 33. Ke4
Rh2 34. Kf5 Rf2 35. Rd3 Re2 36. Rc3 Kd7 37. Kxg5 Rxe5+ 38. Kf6 Re2 39. Kxf7 Re7+
40. Kf6 Re6+ 41. Kf5 Re2 42. a4 Kd6 43. Rd3+ Ke7 44. g5 Rg2 45. g6 a5 46. f4 Rg1
47. Re3+ Kf8 48. Kf6 Rg4 49. g7+ Rxg7 50. Re8+ Kxe8 51. Kxg7 Kd7 52. f5 Kd6 53.
f6 b5 54. axb5 Kc5 55. f7 Kxb5 56. f8=Q a4 57. bxa4+ Kxa4 58. Qb8 Ka3 59. Kf6
Ka4 60. Ke5 Ka3 61. Kd4 Ka2 62. Kc3 Ka1 63. Qb2# {Black checkmated} 1-0

[Event "Team 45 45 League T65"]
[Site "Internet Chess Club"]
[Date "2015.07.03"]
[Round "5"]
[White "PuzzleMaster"]
[Black "perikitosax"]
[Result "1/2-1/2"]
[WhiteElo "2025"]
[BlackElo "1934"]
[Opening "Nimzo-Indian: classical variation"]
[ECO "E32"]
[Time "10:08:16"]
[TimeControl "2700+45"]

1. d4 Nf6 2. c4 e6 3. Nc3 Bb4 4. Qc2 O-O 5. a3 Bxc3+ 6. Qxc3 d5 7. Bg5 c5 8.
dxc5 d4 9. Qc2 e5 10. e3 a5 11. O-O-O Nc6 12. Bd3 h6 13. Bh4 Qe7 14. Be4 g5 15.
Bxc6 bxc6 16. Bg3 Qxc5 17. Nf3 dxe3 18. Bxe5 Ng4 19. Bd4 Qf5 20. Bxe3 Qxc2+ 21.
Kxc2 Nxe3+ 22. fxe3 Re8 23. Rhe1 Bf5+ 24. Kc3 Be4 25. Re2 c5 26. Rd6 Rad8 27.
Rxd8 Rxd8 28. Rd2 Rxd2 29. Kxd2 f6 30. Ne1 Kf7 31. Nd3 Bxg2 32. Nxc5 h5 33. b4
axb4 34. axb4 Ke7 35. Ke2 f5 36. Nd3 Kd6 37. b5 h4 38. c5+ Kc7 39. Ne5 g4 40.
Kf2 Be4 41. Nf7 Bd3 42. Nd6 Be4 43. b6+ Kb8 44. c6 Bxc6 45. Nxf5 g3+ 46. Nxg3
hxg3+ 47. Kxg3 Kb7 48. Kf4 Kxb6 49. h4 Be8 50. Kg5 Kc6 51. e4 Kd6 52. Kf6 Bh5
53. e5+ Kd7 54. Kg5 Be2 55. Kf6 Bh5 56. e6+ Ke8 57. Kg5 Be2 58. Kf6 Bf3 {Game
drawn by mutual agreement} 1/2-1/2

[Event "Team 45 45 League T65"]
[Site "Internet Chess Club"]
[Date "2015.07.02"]
[Round "5"]
[White "willhelm"]
[Black "ShootStraight"]
[Result "1/2-1/2"]
[WhiteElo "1923"]
[BlackElo "1983"]
[Opening "Queen's Indian: old main line, 7.Nc3"]
[ECO "E18"]
[Time "10:01:09"]
[TimeControl "2700+45"]

1. d4 Nf6 2. Nf3 e6 3. c4 b6 4. g3 Bb7 5. Bg2 Be7 6. O-O O-O 7. Nc3 d5 8. cxd5
Nxd5 9. Nxd5 Bxd5 10. b3 Nd7 11. Bb2 Rc8 12. Qd3 Nf6 13. Ne5 Bxg2 14. Kxg2 c5
15. Rac1 Qd5+ 16. Kg1 Rfd8 17. dxc5 Bxc5 18. Qxd5 Nxd5 19. Nd3 Be7 20. Rxc8 Rxc8
21. Rc1 Rxc1+ 22. Nxc1 f6 23. Kf1 Kf8 24. e4 Nb4 25. Ke2 Ke8 26. Bc3 Kd7 27.
Bxb4 Bxb4 28. Nd3 Bc3 29. f3 Kd6 30. Ke3 b5 31. Ke2 a5 32. Ke3 g6 33. Ke2 e5 34.
h3 Kc6 35. Ke3 Bd4+ 36. Ke2 Kd6 37. Kf1 Ke6 38. Kg2 f5 39. Kh2 Kf6 40. Kg2 Kg5
41. Kh2 h5 42. Kg2 Kf6 43. Kh2 Ke6 44. Kg2 Kd6 45. Kf1 Be3 46. Kg2 Bd2 47. Kf1
Be3 48. Kg2 Bg5 49. Kh2 Be7 50. Kg2 Ke6 51. Kh2 Kf6 52. Kg2 Ke6 53. Kh2 Kd6 54.
Kg2 Bd8 55. Kh2 Bb6 56. Kg2 Bd4 57. Kh2 Kc6 58. Kg2 b4 59. Kh2 Kb5 60. Kg2 a4
61. Kh2 axb3 62. axb3 Bc3 63. Kg2 Kc6 64. Kh2 {Game drawn by mutual agreement}
1/2-1/2

[Event "Team 45 45 League T65"]
[Site "Internet Chess Club"]
[Date "2015.07.07"]
[Round "5"]
[White "OperaDude94"]
[Black "JustinL"]
[Result "0-1"]
[WhiteElo "1826"]
[BlackElo "1934"]
[Opening "English: Sicilian reversed"]
[ECO "A25"]
[Time "14:00:21"]
[TimeControl "2700+45"]

1. c4 e5 2. Nc3 Nc6 3. g3 Bb4 4. Nd5 Nge7 5. Nxb4 Nxb4 6. Bg2 O-O 7. Nf3 d6 8.
d4 Bf5 9. O-O Nbc6 10. dxe5 dxe5 11. Be3 Re8 12. Qb3 Qc8 13. Nxe5 Nxe5 14. Bxb7
Bc2 15. Bxc8 Bxb3 16. axb3 Rexc8 17. Bxa7 f6 18. f4 Nf7 19. Bc5 Nc6 20. b4 Nd6
21. b3 Ne4 22. Be3 Nxb4 23. Rxa8 Rxa8 24. Rd1 Nc2 25. Bf2 Ra1 26. Rxa1 Nxa1 27.
b4 Nc2 28. b5 Na3 29. b6 cxb6 30. Bxb6 Nxc4 31. Bd4 Kf7 32. Kg2 f5 33. Kf3 g6
34. h3 Ncd2+ 35. Kg2 Ke6 36. g4 Nb3 37. Be3 Na5 38. Kf3 Nc4 39. Bc1 Kd5 40. h4
Kd4 41. h5 Ned2+ 42. Bxd2 Nxd2+ 43. Kg3 Ke3 44. hxg6 hxg6 45. gxf5 gxf5 46. Kg2
Kxe2 47. Kh3 Kf3 48. Kh4 Kxf4 49. Kh3 Kf3 50. Kh2 Kf2 51. Kh3 f4 52. Kh2 f3 53.
Kh1 Ke2 {White resigns} 0-1

[Event "Team 45 45 League T65"]
[Site "Internet Chess Club"]
[Date "2015.07.06"]
[Round "5"]
[White "kidcobra"]
[Black "pishd"]
[Result "1-0"]
[WhiteElo "1885"]
[BlackElo "1775"]
[Opening "Trompowsky attack (Ruth, Opocenský opening)"]
[ECO "A45"]
[Time "10:03:24"]
[TimeControl "2700+45"]

1. d4 Nf6 2. Bg5 c6 3. Bxf6 gxf6 4. e4 Qb6 5. b3 e5 6. c3 exd4 7. Qxd4 Bc5 8.
Qxf6 O-O 9. Bd3 a5 10. e5 d5 11. Qh6 f5 12. exf6 Bxf2+ 13. Kf1 Rf7 14. Bxh7+
Rxh7 15. Qg6+ {Black resigns} 1-0

[Event "Team 45 45 League T65"]
[Site "Internet Chess Club"]
[Date "2015.07.03"]
[Round "5"]
[White "EFXBT"]
[Black "MartyJR"]
[Result "1/2-1/2"]
[WhiteElo "1496"]
[BlackElo "1449"]
[Opening "Queen's pawn game"]
[ECO "D00"]
[Time "14:05:55"]
[TimeControl "2700+45"]

1. d4 d5 2. c3 Nf6 3. c4 c6 4. cxd5 cxd5 5. Nc3 Nc6 6. Nf3 Bf5 7. Bf4 e6 8. e3
Rc8 9. Bd3 Bg6 10. O-O Be7 11. Rc1 Nh5 12. Bg3 Nxg3 13. hxg3 O-O 14. Bb5 a6 15.
Bxc6 Rxc6 16. Ne5 Rc8 17. Qb3 b5 18. a3 f6 19. Nf3 Qd6 20. Na2 Rc7 21. Rxc7 Qxc7
22. Rc1 Qb7 23. Nb4 Bxb4 24. Qxb4 Rc8 25. Rc5 Be8 26. Qc3 Bd7 27. Rxc8+ Bxc8 28.
b4 Bd7 29. Ne1 Be8 30. Nd3 Bg6 31. Nf4 Bf7 32. Nd3 Bg6 33. Nc5 Qc6 {Game drawn
by mutual agreement} 1/2-1/2

[Event "Team 45 45 League T65"]
[Site "Internet Chess Club"]
[Date "2015.07.03"]
[Round "5"]
[White "KidRattler"]
[Black "seattleblues"]
[Result "1-0"]
[WhiteElo "1627"]
[BlackElo "1429"]
[Opening "Caro-Kann: two knights, 3...Bg4"]
[ECO "B10"]
[Time "06:01:13"]
[TimeControl "2700+45"]

1. e4 c6 2. Nf3 d5 3. Nc3 Bg4 4. exd5 cxd5 5. d4 e6 6. Be2 Nf6 7. Bg5 Be7 8. O-O
O-O 9. Ne5 Bxe2 10. Nxe2 Nbd7 11. Nxd7 Qxd7 12. Ng3 Rac8 13. c3 b5 14. Bxf6 Bxf6
15. Qg4 Qe7 16. Rfe1 b4 17. cxb4 g6 18. a3 Rc4 19. Ne2 Rfc8 20. b3 Rc2 21. g3
Rb2 22. Qf3 Rcc2 23. Rac1 Qc7 24. Qxf6 {Black resigns} 1-0

[Event "Team 45 45 League T65"]
[Site "Internet Chess Club"]
[Date "2015.07.05"]
[Round "5"]
[White "rayonline53"]
[Black "anna"]
[Result "0-1"]
[WhiteElo "1481"]
[BlackElo "1805"]
[Opening "KGD: classical variation"]
[ECO "C30"]
[Time "17:00:29"]
[TimeControl "2700+45"]

1. e4 e5 2. f4 Bc5 3. Nf3 d6 4. Bc4 Nf6 5. d3 Nc6 6. f5 h6 7. Nc3 Bd7 8. Bd2 Ng4
9. Rf1 Nxh2 10. Nxh2 Qh4+ 11. Ke2 Nd4+ {White resigns} 0-1

[Event "Team 45 45 League T65"]
[Site "Internet Chess Club"]
[Date "2015.07.02"]
[Round "5"]
[White "sanjay2000"]
[Black "losscause"]
[Result "1-0"]
[WhiteElo "1575"]
[BlackElo "1614"]
[Opening "Reversed Grob (Borg/Basman defense/macho Grob)"]
[ECO "B00"]
[Time "21:00:41"]
[TimeControl "2700+45"]

1. e4 g5 2. d4 h6 3. Bc4 Bg7 4. Nc3 d6 5. Nge2 Nf6 6. f3 O-O 7. Be3 Nc6 8. Qd2
Na5 9. Bd3 e5 10. d5 c6 11. b4 cxd5 12. exd5 Bd7 13. bxa5 Qxa5 14. O-O Nxd5 15.
Nxd5 Qxd2 16. Bxd2 {Black resigns} 1-0

[Event "Team 45 45 League T65"]
[Site "Internet Chess Club"]
[Date "2015.07.07"]
[Round "5"]
[White "caglar"]
[Black "Littlemon"]
[Result "1-0"]
[WhiteElo "1615"]
[BlackElo "1554"]
[Opening "Hungarian defense"]
[ECO "C50"]
[Time "14:38:06"]
[TimeControl "2700+45"]

1. e4 e5 2. Nf3 Nc6 3. Bc4 Be7 4. d4 d6 5. d5 Nb8 6. Bd3 Nf6 7. c4 Nbd7 8. Nc3
Nf8 9. Be3 Ng6 10. h3 O-O 11. O-O h6 12. b4 c6 13. a4 Bd7 14. a5 Qc7 15. Qb3
Rfc8 16. Na4 Nh5 17. c5 Nhf4 18. cxd6 Bxd6 19. Nc5 Nxd3 20. Qxd3 Rab8 21. Rfc1
f6 22. Qb3 Kh7 23. Nxd7 Qxd7 24. Bxa7 Nf4 25. Bxb8 Ne2+ 26. Kf1 Nxc1 27. Rxc1
Rxb8 28. Rd1 Qe7 29. b5 Bb4 30. bxc6 bxc6 31. dxc6 Qc7 32. Qc4 Bxa5 33. Rd7 Qb6
34. Kg1 Bb4 35. Qf7 Bf8 36. c7 Rc8 37. Nh4 Qb1+ 38. Kh2 Qxe4 39. Rd8 Qb7 40.
Qxf8 Rxc7 41. Qg8# {Black checkmated} 1-0

[Event "Team 45 45 League T65"]
[Site "Internet Chess Club"]
[Date "2015.07.03"]
[Round "5"]
[White "kutch"]
[Black "Bizzy-Ketty"]
[Result "1/2-1/2"]
[WhiteElo "1559"]
[BlackElo "1602"]
[Opening "Nimzo-Indian: classical, Noa variation, 5.cd ed"]
[ECO "E35"]
[Time "16:00:39"]
[TimeControl "2700+45"]

1. d4 Nf6 2. c4 e6 3. Nc3 Bb4 4. Qc2 d5 5. cxd5 exd5 6. a3 Bd6 7. Nf3 O-O 8. Bg5
c6 9. e3 Nbd7 10. Bd3 h6 11. Bh4 Qc7 12. Rc1 Re8 13. h3 g5 14. Bxg5 hxg5 15.
Nxg5 Nf8 16. h4 Bg4 17. Kd2 Qe7 18. Rce1 c5 19. dxc5 Bxc5 20. h5 Bxh5 21. Rxh5
Nxh5 22. Bh7+ Kg7 23. Qf5 Qf6 24. Rh1 Qxf5 25. Bxf5 Nf6 26. Rh3 Rad8 27. Rg3 Ng6
28. Nxf7 Kxf7 29. Bxg6+ Ke7 30. Bxe8 Kxe8 31. Kc2 a6 32. f3 b5 33. Rg6 Kf7 34.
Rg5 Bxe3 35. Rf5 Kg6 36. g4 d4 37. Ne4 Nxe4 38. fxe4 Re8 39. Kd3 Bc1 40. b3 Bb2
41. a4 bxa4 42. bxa4 Bc3 43. e5 Re6 44. Rh5 Re8 45. Rf5 Re6 46. Rh5 Re8 47. Rf5
Re6 {Game drawn by repetition} 1/2-1/2

[Event "Team 45 45 League T65"]
[Site "Internet Chess Club"]
[Date "2015.07.02"]
[Round "5"]
[White "Elton2013"]
[Black "PostMike"]
[Result "1-0"]
[WhiteElo "1719"]
[BlackElo "1467"]
[Opening "Bogo-Indian defense, Grünfeld variation"]
[ECO "E11"]
[Time "14:32:46"]
[TimeControl "2700+45"]

1. d4 Nf6 2. c4 e6 3. Nf3 Bb4+ 4. Nbd2 O-O 5. a3 Be7 6. e3 c5 7. Be2 d5 8. O-O
Nc6 9. dxc5 Bxc5 10. b4 Be7 11. c5 b6 12. cxb6 axb6 13. Bb2 Bb7 14. Rc1 Nd7 15.
Bb5 Na7 16. Be2 Nc6 17. Nb3 f6 18. Nfd4 Nxd4 19. Nxd4 Kf7 20. Qd3 g6 21. Bg4 f5
22. Be2 Bf6 23. Bc3 Rxa3 24. Nb5 Ne5 25. Qd2 Ra8 26. Qb2 Nc4 27. Bxc4 Bxc3 28.
Qxc3 Rc8 29. Qe5 {Black resigns} 1-0

[Event "Team 45 45 League T65"]
[Site "Internet Chess Club"]
[Date "2015.07.06"]
[Round "5"]
[White "medsurg"]
[Black "MasterD"]
[Result "1/2-1/2"]
[WhiteElo "1412"]
[BlackElo "1479"]
[Opening "French: Rubinstein variation"]
[ECO "C10"]
[Time "20:06:55"]
[TimeControl "2700+45"]

1. e4 e6 2. d4 d5 3. Nc3 dxe4 4. Nxe4 Nd7 5. Nf3 Ngf6 6. Bd3 Be7 7. O-O Kf8 8.
c4 b6 9. Re1 Bb7 10. b3 Nxe4 11. Bxe4 Bxe4 12. Rxe4 Nf6 13. Re2 c5 14. Bb2 cxd4
15. Bxd4 Qd6 16. Qd3 Rd8 17. Rd1 Qf4 18. Qe3 Qxe3 19. Rxe3 g6 20. Red3 Kg7 21.
Ne5 Bc5 22. Nc6 Ra8 23. Bxf6+ Kxf6 24. Rf3+ Kg7 25. Rd7 Rhf8 26. Ne5 Rad8 {Game
drawn by mutual agreement} 1/2-1/2

[Event "Team 45 45 League T65"]
[Site "Internet Chess Club"]
[Date "2015.07.02"]
[Round "5"]
[White "karthikkallam"]
[Black "Aquaman"]
[Result "1-0"]
[WhiteElo "1393"]
[BlackElo "1335"]
[Opening "QP counter-gambit: Maroczy gambit"]
[ECO "C40"]
[Time "15:00:38"]
[TimeControl "2700+45"]

1. e4 e5 2. Nf3 d5 3. exd5 Bd6 4. Nc3 Nf6 5. Bc4 O-O 6. h3 Re8 7. d3 b6 8. Bg5
Nbd7 9. O-O h6 10. Bh4 a6 11. a4 Be7 12. Re1 Nxd5 13. Bxd5 Rb8 14. Bxe7 Rxe7 15.
Bc6 Qe8 16. Bxd7 Qxd7 17. Rxe5 Rxe5 18. Nxe5 Qf5 19. Nf3 Bb7 20. Qe2 Kf8 21. Re1
Bc6 22. Qe7+ Kg8 23. Qxc7 Rc8 24. Qg3 Bb7 25. Re5 Qd7 26. Kf1 f6 27. Re2 Rc5 28.
Qg6 Rc8 29. d4 Bxf3 30. gxf3 Qxh3+ 31. Ke1 Qd7 32. Qe4 Kf7 33. Qd5+ Qxd5 34.
Nxd5 Rc6 35. b3 a5 36. Re7+ Kf8 37. Rb7 Rxc2 38. Rxb6 Rb2 39. b4 axb4 40. Rxb4
Ra2 41. Rb8+ Kf7 42. Ra8 Ke6 43. Ne3 Kd6 44. a5 Kc7 45. Ra7+ Kb8 46. Rxg7 Rxa5
47. Rg6 Ra6 48. Rxh6 Kc7 49. Nd5+ Kb7 50. Rxf6 Ra1+ 51. Ke2 Ra2+ 52. Kf1 Ra1+
53. Kg2 Ra4 54. Rb6+ Ka7 55. Rb4 Ra5 56. Ne3 Rg5+ 57. Ng4 Ka6 58. Rb1 Rd5 59.
Rd1 Kb5 60. Kg3 Kc4 61. Ne3+ {Black resigns} 1-0

[Event "Team 45 45 League T65"]
[Site "Internet Chess Club"]
[Date "2015.07.05"]
[Round "5"]
[White "RUPIS"]
[Black "XGG123"]
[Result "1-0"]
[WhiteElo "1636"]
[BlackElo "1267"]
[Opening "Sicilian: Canal-Sokolsky attack, 3...Bd7"]
[ECO "B52"]
[Time "12:00:24"]
[TimeControl "2700+45"]

1. e4 c5 2. Nf3 d6 3. Bb5+ Bd7 4. Bxd7+ Qxd7 5. d4 cxd4 6. Nxd4 Nf6 7. Nc3 g6 8.
O-O Bg7 9. Be3 O-O 10. Qd2 Ng4 11. Bg5 Nc6 12. Nxc6 bxc6 13. h3 Nf6 14. Rad1
Rab8 15. b3 Rfc8 16. e5 Nd5 17. Nxd5 cxd5 18. Qxd5 Rb5 19. e6 fxe6 20. Qd2 Bc3
21. Qf4 Qb7 22. Qg4 Rf5 23. Be3 Kh8 24. Bd4+ e5 25. Bxc3 Rxc3 26. Rc1 Qc7 27.
Qe4 Rf4 28. Qe2 e4 29. g3 Rf8 30. Qxe4 Rc8 31. Rfe1 Rxc2 32. Rxc2 Qxc2 33. Qxe7
Qxa2 34. Qf6+ Kg8 35. Qe6+ {Black resigns} 1-0